 Dungeon Crawl Stone Soup version 0.24.0-13-gcf9b319 (webtiles) character file.

Game seed: 5257655989473815592, levelgen mode: deterministic

634 Arex the Skirmisher (level 7, 43/62 HPs)
             Began as a Red Draconian Monk on Dec 10, 2019.
             Was a Believer of Trog.
             Quit the game on level 4 of the Dungeon.
             The game lasted 00:08:14 (3552 turns).

Arex the Skirmisher (Red Draconian Monk)            Turns: 3552, Time: 00:08:15

Health: 43/62      AC:  6    Str: 15    XL:     7   Next: 25%
Magic:  7/7        EV: 15    Int: 10    God:    Trog [**....]
Gold:   93         SH:  4    Dex: 17    Spells: 6/6 levels left

rFire    + . .     SeeInvis .     - Unarmed
rCold    . . .     Gourm    .   (no shield)
rNeg     . . .     Faith    .   (armour unavailable)
rPois    .         Spirit   .   (helmet restricted)
rElec    .         Reflect  +   (no cloak)
rCorr    .         Harm     .   (no gloves)
MR       .....                  (no boots)
Stlth    ++........             o - +4 amulet of reflection
HPRegen  0.20/turn              h - +3 ring of dexterity
MPRegen  0.10/turn              n - ring of flight

@: no status effects
A: breathe fire, unfitting armour, fire resistance 1, cold-blooded, AC +6
a: Breathe Fire, Berserk, Trog's Hand, Renounce Religion, Evoke Flight


You were on level 4 of the Dungeon.
You worshipped Trog.
Trog was pleased with you.
You were not hungry.

You visited 1 branch of the dungeon, and saw 4 of its levels.
You also visited: Sewer.

You collected 93 gold pieces.

Inventory:

Jewellery
 h - a +3 ring of dexterity (left hand)
 n - a ring of flight (right hand)
 o - a +4 amulet of reflection (around neck)
Scrolls
 b - a scroll of random uselessness {unknown}
 c - 2 scrolls of remove curse
 f - a scroll of blinking
 g - 2 scrolls of amnesia
 k - a scroll of teleportation
 s - a scroll of enchant weapon {unknown}
 u - a scroll of noise {unknown}
 v - a scroll of fear {unknown}
 x - a scroll of fog {unknown}
Potions
 d - a potion of cancellation {unknown}
 e - a potion of ambrosia
 i - a potion of lignification
 j - a potion of degeneration {unknown}
 m - a potion of berserk rage {unknown}
 p - 3 potions of heal wounds {unknown}
 q - 4 potions of curing
 r - 2 potions of brilliance {unknown}
 t - 3 potions of might {unknown}
 w - a potion of agility {unknown}
Comestibles
 a - 5 rations


   Skills:
 + Level 5.9 Fighting
 + Level 4.9 Dodging
 - Level 1.7 Stealth
 + Level 5.4 Unarmed Combat


You had 6 spell levels left.
You didn't know any spells.
Your spell library was empty.

Dungeon Overview and Level Annotations

Branches:
Dungeon (4/15)              Sewer (visited)
 Temple: D:4-7

Altars:
Trog
Yredelemnul


Innate Abilities, Weirdness & Mutations

You can breathe blasts of fire.
Your fiery red scales are hard. (AC +6)
You cannot fit into any form of body armour.
Your flesh is heat resistant. (rF+)
You are cold-blooded and may be slowed by cold attacks.


Message History

You start resting.
You feel your anger nearly subside.
You are no longer berserk.
You are exhausted.
You feel yourself slow down.
You start resting.
You feel sick. x5
You are no longer poisoned.
You start resting.
You feel yourself speed up.
You start resting.
You recover from your berserk rage.
You start resting.
You are near starving!
You eat one of the 6 rations.
That ration really hit the spot!
Save game and exit?
Welcome back, Arex the Red Draconian Monk.
Trog says: Kill them all!
Press ? for a list of commands and other information.
Quiver which item? (- for none, * to show all) (? for menu, Esc to quit)
Okay, then.
Are you sure you want to abandon this character and quit the game? (Confirm with "yes".)

#..# #####..# .....% ....#
# ...# ####. #..#####
......#######.[#...########
#..[....@..........##...#
.....########........##.#.#
.## #........##.#.#
##.........<#..
#.#...#.###### ...#...# .
#.. #######.#####.#.#
..............#.#
.######.#####...#


There were no monsters in sight!

Vanquished Creatures
  A phantom (D:4)
  2 big kobolds (Sewer)
  2 scorpions (D:4)
  A hound (D:2)
  An orc priest (D:4)
  2 iguanas
  4 gnolls
  5 adders
  An ooze (Sewer)
  4 worms
  3 dart slugs
  2 leopard geckos
  5 orcs
  4 giant cockroaches (D:3)
  A goblin (D:2)
  11 hobgoblins
  2 jackals (D:1)
  19 kobolds
  2 quokkas
  A ball python (Sewer)
  11 bats
  6 frilled lizards
  16 rats
106 creatures vanquished.

Notes
Turn   | Place    | Note
-------+----------+-------------------------------------------
     0 | D:1      | Arex the Draconian Monk began the quest for the Orb.
     0 | D:1      | Reached XP level 1. HP: 19/19 MP: 1/1
   378 | D:1      | Reached XP level 2. HP: 24/26 MP: 2/2
   527 | D:1      | You fall into a shaft and drop 1 floor!
  1006 | D:2      | Reached XP level 3. HP: 27/33 MP: 3/3
  1173 | D:2      | Reached XP level 4. HP: 30/40 MP: 4/4
  1389 | D:2      | Found a basalt altar of Yredelemnul.
  1764 | D:3      | Found a glowing drain.
  1792 | D:3      | Reached XP level 5. HP: 31/47 MP: 5/5
  1846 | Sewer    | Entered a sewer
  2292 | Sewer    | Reached skill level 5 in Fighting
  2292 | Sewer    | Reached XP level 6. HP: 25/56 MP: 6/6
  2561 | D:3      | Noticed a moth of wrath
  2564 | D:3      | Found a bloodstained altar of Trog.
  2652 | D:3      | Became a worshipper of Trog the Wrathful
  2652 | D:3      | Reached * piety under Trog
  2652 | D:3      | Reached ** piety under Trog
  3045 | D:4      | Reached skill level 5 in Unarmed Combat
  3220 | D:4      | Your scales start taking on a fiery red colour.
  3220 | D:4      | Reached XP level 7. HP: 57/62 MP: 7/7
  3220 | D:4      | Gained mutation: Your flesh is heat resistant. (rF+) [Red
                  | Draconian growth]
  3552 | D:4      | Quit the game

Levels and vault maps discovered:
D:1:      minmay_arrival_up_and_down, layout_basic
D:2:      wander_river, layout_basic, marbit_many_paths
D:3:      layout_rooms, cheibrodos_sewer_entry_drain, minmay_misc_feat_ornament,
          tgw_trog
D:4:      layout_loops_ring, old_standard_altar, kennysheep_mini_moat,
          uniq_edmund

Skill      XL: |  1  2  3  4  5  6 |
---------------+-------------------+-----
Dodging        | 3 4 |  4.9
Fighting       | 4 5 |  5.9
Unarmed Combat | 4 5 |  5.4
Stealth        | |  1.7

Action                   |  1- 3 |  4- 6 |  7- 9 || total
-------------------------+-------+-------+-------++-------
Melee: Unarmed           |    99 |   287 |    42 ||   428
       Tailslap          |    12 |    42 |     8 ||    62
       Punch             |     2 |     5 |     1 ||     8
Invok: Berserk           |       |     2 |     1 ||     3
       Trog's Hand       |       |     1 |     1 ||     2
 Abil: Evoke Flight      |       |     1 |       ||     1
       Breathe Fire      |       |       |     1 ||     1
  Use: Scroll            |     3 |     6 |       ||     9
 Stab: Sleeping          |     2 |     4 |       ||     6
  Eat: Chunk             |     1 |     9 |     1 ||    11
       Ration            |       |       |     1 ||     1
Armor: Skin              |    25 |    69 |     3 ||    97
Dodge: Dodged            |    86 |   192 |    18 ||   296
Block: Other             |       |    44 |     4 ||    48
       Reflection        |       |     1 |       ||     1
